[ PARTIDA AOE2 · #482674999 ]
UnrankedMagiares vs Tupi
Equipo del jugador · VICT
Equipo rival · DERR
[ ANÁLISIS DE REPETICIÓN · EXTRAÍDO DE LA PARTIDA GRABADA ]
Feudal
11:42
Castillos
19:07
Imperial
—
| APM promedio | 26.6 |
| APM pico | 64 |
| eAPM promedio | 12.3 |
| Aldeanos / militares | 64 / 29 |
Foco
⚔️ 24.0% · 🌾 76.0%
Magyar Huszar ×21 · Monk ×3 · Cavalry Archer ×3 · Mangonel ×2
Feudal
10:28
Castillos
19:35
Imperial
—
| APM promedio | 18.5 |
| APM pico | 52 |
| eAPM promedio | 9.5 |
| Aldeanos / militares | 44 / 4 |
Foco
⚔️ 24.6% · 🌾 75.4%
Unknown (2579) ×15 · Unknown (2550) ×5 · Mangonel ×2 · Spearman ×2 · Unknown (2582) ×2
Mapa de la partida
Recursos iniciales + cada clic de construcción. Líneas = muros · curvas = relieve. ◆ oro · ⬟ piedra · ● bayas · ✦ reliquia · ◌ hueco del cierre
Tu base· Abierta — el rival se encerró
Base de IcePaladin· ✓ Cerrada en 19:35 · 26t muro · sin puerta
Terreno inicial suavizado · ◌ = hueco del cierre detectado · pasá el cursor para detalles
Inputs por minuto
— Svinth - - IcePaladin
Build order — Svinth
Primeras 150 de 155 acciones detectadas
| 0:02 | Crear | Villager (Male) |
| 0:02 | Crear | Villager (Male) |
| 0:05 | Construir | House |
| 0:07 | Construir | House |
| 0:07 | Crear | Villager (Male) |
| 0:08 | Crear | Villager (Male) |
| 1:39 | Crear | Villager (Male) |
| 1:55 | Crear | Villager (Male) |
| 2:17 | Construir | Lumber Camp |
| 2:19 | Crear | Villager (Male) |
| 3:05 | Crear | Villager (Male) |
| 3:05 | Crear | Villager (Male) |
| 3:38 | Crear | Villager (Male) |
| 3:56 | Crear | Villager (Male) |
| 4:02 | Construir | House |
| 4:21 | Crear | Villager (Male) |
| 4:31 | Construir | Mill |
| 4:59 | Crear | Villager (Male) |
| 5:32 | Crear | Villager (Male) |
| 5:53 | Crear | Villager (Male) |
| 6:06 | Crear | Villager (Male) |
| 6:28 | Construir | House |
| 6:36 | Investigar | Loom |
| 6:37 | Crear | Villager (Male) |
| 6:48 | Crear | Villager (Male) |
| 8:11 | Construir | Mining Camp |
| 8:12 | Crear | Villager (Male) |
| 8:14 | Crear | Villager (Male) |
| 8:30 | Construir | Farm |
| 8:31 | Construir | Farm |
| 8:33 | Construir | Farm |
| 9:04 | Crear | Villager (Male) |
| 9:15 | Construir | Mining Camp |
| 9:18 | Crear | Villager (Male) |
| 9:32 | Investigar | Feudal Age |
| 9:45 | Construir | House |
| 9:51 | Crear | Villager (Male) |
| 10:46 | Crear | Villager (Male) |
| 11:42 | Edad | Edad Feudal |
| 11:46 | Construir | Blacksmith |
| 12:00 | Construir | Market |
| 12:08 | Crear | Villager (Male) |
| 12:45 | Construir | House |
| 12:53 | Construir | Farm |
| 13:01 | Crear | Villager (Male) |
| 13:30 | Construir | Lumber Camp |
| 13:38 | Crear | Villager (Male) |
| 13:40 | Crear | Villager (Male) |
| 13:48 | Investigar | Double-Bit Axe |
| 14:05 | Construir | Farm |
| 14:06 | Construir | Farm |
| 14:15 | Crear | Villager (Male) |
| 14:33 | Construir | Farm |
| 14:38 | Crear | Villager (Male) |
| 14:45 | Construir | Farm |
| 14:45 | Construir | Farm |
| 14:50 | Construir | Farm |
| 14:58 | Construir | Farm |
| 15:08 | Crear | Villager (Male) |
| 15:11 | Construir | House |
| 15:29 | Construir | Farm |
| 15:31 | Crear | Villager (Male) |
| 15:42 | Construir | Farm |
| 16:11 | Crear | Villager (Male) |
| 16:17 | Construir | Farm |
| 16:27 | Investigar | Castle Age |
| 16:41 | Investigar | Double-Bit Axe |
| 16:56 | Investigar | Horse Collar |
| 17:32 | Investigar | Gold Mining |
| 18:24 | Investigar | Scale Barding Armor |
| 18:42 | Construir | Barracks |
| 19:02 | Crear | Villager (Male) |
| 19:02 | Crear | Villager (Male) |
| 19:05 | Crear | Villager (Male) |
| 19:07 | Edad | Edad de los Castillos |
| 19:08 | Construir | Farm |
| 19:08 | Construir | Farm |
| 19:13 | Construir | Castle |
| 19:22 | Crear | Villager (Male) |
| 19:33 | Crear | Villager (Male) |
| 19:57 | Construir | Monastery |
| 20:02 | Construir | University |
| 20:09 | Construir | Mining Camp |
| 20:12 | Crear | Villager (Male) |
| 20:17 | Crear | Villager (Male) |
| 20:23 | Construir | House |
| 20:27 | Construir | House |
| 20:29 | Construir | House |
| 20:31 | Construir | House |
| 20:33 | Construir | House |
| 20:41 | Construir | House |
| 20:42 | Construir | House |
| 20:54 | Crear | Villager (Male) |
| 21:08 | Crear | Monk |
| 21:09 | Crear | Monk |
| 21:23 | Crear | Magyar Huszar |
| 21:23 | Crear | Magyar Huszar |
| 21:30 | Crear | Magyar Huszar |
| 21:30 | Crear | Magyar Huszar |
| 21:52 | Construir | Archery Range |
| 21:57 | Investigar | Chain Barding Armor |
| 21:58 | Crear | Magyar Huszar |
| 22:06 | Crear | Villager (Male) |
| 22:07 | Crear | Villager (Male) |
| 22:29 | Construir | Town Center |
| 22:34 | Crear | Magyar Huszar |
| 22:34 | Crear | Magyar Huszar |
| 22:49 | Crear | Magyar Huszar |
| 23:32 | Crear | Magyar Huszar |
| 23:32 | Crear | Magyar Huszar |
| 23:40 | Crear | Villager (Male) |
| 23:40 | Crear | Villager (Male) |
| 23:41 | Crear | Villager (Male) |
| 23:43 | Crear | Villager (Male) |
| 23:44 | Crear | Villager (Male) |
| 23:45 | Crear | Villager (Male) |
| 23:45 | Crear | Villager (Male) |
| 24:25 | Crear | Magyar Huszar |
| 24:25 | Crear | Magyar Huszar |
| 24:30 | Investigar | Corvinian Army |
| 24:34 | Crear | Villager (Male) |
| 24:37 | Crear | Villager (Male) |
| 24:37 | Crear | Villager (Male) |
| 24:50 | Crear | Villager (Male) |
| 24:59 | Investigar | Gold Shaft Mining |
| 25:03 | Investigar | Stone Mining |
| 25:06 | Crear | Villager (Male) |
| 25:27 | Crear | Villager (Male) |
| 26:05 | Crear | Magyar Huszar |
| 26:05 | Crear | Magyar Huszar |
| 26:17 | Construir | Mining Camp |
| 26:22 | Crear | Monk |
| 27:02 | Construir | Mining Camp |
| 27:07 | Crear | Villager (Male) |
| 27:07 | Crear | Villager (Male) |
| 27:09 | Crear | Cavalry Archer |
| 27:10 | Crear | Cavalry Archer |
| 27:10 | Crear | Cavalry Archer |
| 27:17 | Crear | Villager (Male) |
| 27:30 | Crear | Villager (Male) |
| 27:31 | Crear | Villager (Male) |
| 27:33 | Crear | Villager (Male) |
| 27:35 | Crear | Villager (Male) |
| 27:35 | Crear | Villager (Male) |
| 28:42 | Construir | Siege Workshop |
| 29:03 | Crear | Magyar Huszar |
| 29:03 | Crear | Magyar Huszar |
| 29:03 | Crear | Magyar Huszar |
| 29:22 | Investigar | Fletching |
| 29:27 | Crear | Magyar Huszar |
Build order — IcePaladin
127 acciones detectadas en el replay
| 0:02 | Crear | Villager (Male) |
| 0:02 | Crear | Villager (Male) |
| 0:02 | Crear | Villager (Male) |
| 0:02 | Crear | Villager (Male) |
| 0:03 | Crear | Villager (Male) |
| 0:04 | Construir | House |
| 0:09 | Construir | House |
| 1:07 | Crear | Villager (Male) |
| 1:32 | Construir | Settlement |
| 1:37 | Crear | Villager (Male) |
| 1:37 | Crear | Villager (Male) |
| 2:14 | Crear | Villager (Male) |
| 2:14 | Crear | Villager (Male) |
| 2:47 | Investigar | Loom |
| 3:04 | Crear | Villager (Male) |
| 3:04 | Crear | Villager (Male) |
| 3:35 | Crear | Villager (Male) |
| 3:35 | Crear | Villager (Male) |
| 3:53 | Crear | Villager (Male) |
| 3:53 | Crear | Villager (Male) |
| 4:21 | Crear | Villager (Male) |
| 5:03 | Crear | Villager (Male) |
| 5:03 | Crear | Villager (Male) |
| 5:03 | Crear | Villager (Male) |
| 5:30 | Crear | Villager (Male) |
| 6:04 | Construir | Barracks |
| 6:23 | Construir | House |
| 6:31 | Crear | Villager (Male) |
| 7:07 | Construir | Settlement |
| 7:21 | Crear | Villager (Male) |
| 7:41 | Construir | Palisade Wall |
| 7:53 | Construir | Farm |
| 8:18 | Investigar | Feudal Age |
| 8:44 | Construir | Palisade Wall |
| 9:14 | Construir | Settlement |
| 9:38 | Construir | House |
| 9:56 | Crear | Villager (Male) |
| 9:56 | Crear | Villager (Male) |
| 10:28 | Edad | Edad Feudal |
| 10:36 | Crear | Spearman |
| 10:36 | Crear | Spearman |
| 10:47 | Construir | Market |
| 10:57 | Investigar | Double-Bit Axe |
| 11:00 | Construir | Farm |
| 11:21 | Construir | Farm |
| 11:35 | Crear | Villager (Male) |
| 11:47 | Crear | Villager (Male) |
| 12:03 | Construir | House |
| 12:07 | Construir | Farm |
| 12:26 | Construir | Blacksmith |
| 12:33 | Construir | Farm |
| 12:54 | Construir | Palisade Wall |
| 13:00 | Crear | Villager (Male) |
| 13:00 | Crear | Villager (Male) |
| 13:23 | Construir | Palisade Wall |
| 13:34 | Construir | Farm |
| 13:56 | Construir | Farm |
| 14:01 | Crear | Villager (Male) |
| 14:10 | Construir | House |
| 14:13 | Construir | House |
| 14:15 | Construir | House |
| 14:16 | Construir | House |
| 14:54 | Crear | Villager (Male) |
| 15:15 | Construir | House |
| 15:28 | Construir | House |
| 15:33 | Construir | Farm |
| 15:40 | Crear | Villager (Male) |
| 15:40 | Crear | Villager (Male) |
| 16:27 | Construir | Farm |
| 16:49 | Construir | Farm |
| 16:55 | Investigar | Castle Age |
| 17:25 | Investigar | Horse Collar |
| 17:41 | Investigar | Fletching |
| 18:05 | Construir | Archery Range |
| 18:16 | Investigar | Stone Mining |
| 18:38 | Investigar | Padded Archer Armor |
| 18:54 | Investigar | Tech 1402 |
| 19:08 | Investigar | Gold Mining |
| 19:35 | Edad | Edad de los Castillos |
| 19:38 | Construir | Siege Workshop |
| 19:41 | Investigar | Town Watch |
| 20:15 | Construir | Castle |
| 20:26 | Investigar | Squires |
| 20:28 | Crear | Villager (Male) |
| 20:28 | Crear | Villager (Male) |
| 20:48 | Construir | House |
| 21:21 | Crear | Unit 2582 |
| 21:21 | Crear | Unit 2582 |
| 21:27 | Crear | Unit 2550 |
| 21:27 | Crear | Unit 2550 |
| 21:53 | Construir | Gate |
| 22:11 | Crear | Villager (Male) |
| 22:11 | Crear | Villager (Male) |
| 22:35 | Construir | Gate |
| 22:37 | Crear | Unit 2579 |
| 22:37 | Crear | Unit 2579 |
| 22:37 | Crear | Unit 2579 |
| 22:38 | Crear | Unit 2579 |
| 22:48 | Crear | Villager (Male) |
| 22:48 | Crear | Villager (Male) |
| 23:07 | Crear | Unit 2579 |
| 23:39 | Construir | House |
| 23:47 | Crear | Unit 2579 |
| 23:47 | Crear | Unit 2579 |
| 23:52 | Construir | House |
| 24:05 | Construir | House |
| 24:14 | Crear | Unit 2579 |
| 24:15 | Crear | Unit 2579 |
| 24:29 | Crear | Unit 2579 |
| 24:29 | Crear | Unit 2579 |
| 25:04 | Crear | Mangonel |
| 25:04 | Crear | Mangonel |
| 25:13 | Investigar | Bodkin Arrow |
| 26:25 | Construir | Town Center |
| 26:28 | Crear | Unit 2579 |
| 26:28 | Crear | Unit 2579 |
| 26:29 | Crear | Unit 2579 |
| 26:39 | Construir | Settlement |
| 27:42 | Crear | Villager (Male) |
| 27:42 | Crear | Villager (Male) |
| 27:55 | Construir | House |
| 27:59 | Crear | Villager (Male) |
| 27:59 | Crear | Villager (Male) |
| 28:02 | Crear | Villager (Male) |
| 28:06 | Crear | Unit 2579 |
| 28:42 | Investigar | Forging |
| 29:44 | Crear | Unit 2550 ×3 |
Cronología de la partida
| 6:04 | IcePaladin · first_building Barracks |
| 7:41 | IcePaladin · wall_segment Palisade Wall x6 |
| 8:44 | IcePaladin · wall_segment Palisade Wall x9 |
| 10:28 | IcePaladin · age_up feudal |
| 11:42 | Svinth · age_up feudal |
| 12:54 | IcePaladin · wall_segment Palisade Wall x3 |
| 13:23 | IcePaladin · wall_segment Palisade Wall x8 |
| 13:51 | IcePaladin · first_market_buy 100 food |
| 13:52 | IcePaladin · first_market_sell 100 wood |
| 16:02 | Svinth · first_market_buy 100 food |
| 18:05 | IcePaladin · first_building Archery Range |
| 18:42 | Svinth · first_building Barracks |
| 19:07 | Svinth · age_up castle |
| 19:13 | Svinth · first_building Castle |
| 19:35 | IcePaladin · age_up castle |
| 19:38 | IcePaladin · first_building Siege Workshop |
| 19:57 | Svinth · first_building Monastery |
| 20:15 | IcePaladin · first_building Castle |
| 21:52 | Svinth · first_building Archery Range |
| 28:42 | Svinth · first_building Siege Workshop |
| 29:56 | IcePaladin · resign |
[ ANÁLISIS IA · 1 CRÉDITO ]
¿Qué pasó realmente en esta partida?
Wolo.gg analiza cada decisión: build order, eco, micro, errores típicos por bracket. Análisis personalizado por WhatsApp o Discord en 30 segundos.
Guía civ
Magiares
Perfil
Jugador #25433178